 Dungeon Crawl Stone Soup version 0.29-a0-664-gff9cad4a3d (webtiles) character file.

Game seed: 1828173148492114787

506 HoaS the Archer (level 7, 0/40 HPs)
             Began as a Tengu Hunter on June 22, 2022.
             Slain by Edmund
             ... wielding a +2 flail of holy wrath
              (4 damage)
             ... on level 4 of the Dungeon.
             The game lasted 00:06:55 (2871 turns).

HoaS the Archer (Tengu Hunter)                      Turns: 2871, Time: 00:06:55

Health: 0/40       AC:  3    Str: 11    XL:     7   Next: 18%
Magic:  8/8        EV: 14    Int: 10    God:
Gold:   133        SH:  0    Dex: 19    Spells: 6/6 levels left

rFire   . . .      SeeInvis .   a - +1 shortbow
rCold   . . .      Faith    .   (shield currently unavailable)
rNeg    . . .      Spirit   .   b - +0 leather armour
rPois   .          Reflect  .   (helmet restricted)
rElec   .          Harm     .   (no cloak)
rCorr   .          Rampage  .   (no gloves)
Will    .....                   (boots unavailable)
Stlth   ++........              (no amulet)
HPRegen 0.13/turn               (no ring)
MPRegen 0.11/turn               (no ring)

@: mighty, flying quickly and evasively, quick
A: beak, talons 3, nimble flight
a: no special abilities


You were on level 4 of the Dungeon.
You visited 1 branch of the dungeon, and saw 4 of its levels.

You collected 133 gold pieces.

Inventory:

Hand Weapons
 a - a +1 shortbow (weapon)
Armour
 b - a +0 leather armour (worn)
Scrolls
 c - 2 scrolls of immolation
 e - 2 scrolls of magic mapping
 g - a scroll of teleportation
Potions
 f - a potion of resistance


   Skills:
 - Level 2.0 Fighting
 + Level 9.2 Bows
 - Level 2.1 Dodging
 - Level 1.0 Stealth


You had 6 spell levels left.
You didn't know any spells.
Your spell library was empty.

Dungeon Overview and Level Annotations

Branches:
Dungeon (4/15)
 Temple: D:4-7

Altars:
Kikubaaqudgha
Sif Muna

Annotations:
D:4 Edmund


Innate Abilities, Weirdness & Mutations

You have a beak for a mouth.
You have claws for feet.
Your magical nature lets you fly swiftly and evasively.


Message History

Edmund hits you with a +2 flail of holy wrath!
* * * LOW HITPOINT WARNING * * *
Shoot: a) +1 shortbow
Press: ? - help, Q - select action Shift-Dir - straight line, f/p - Edmund
Aim: Edmund, wielding a +2 flail of holy wrath and wearing a +1 chain mail of cold resistance (lightly wounded, 73% to hit)
You shoot an arrow. The arrow hits Edmund.
Edmund is moderately wounded.
Edmund hits you with a +2 flail of holy wrath.
* * * LOW HITPOINT WARNING * * *
You feel better.
Edmund hits you with a +2 flail of holy wrath!
* * * LOW HITPOINT WARNING * * *
You feel better. Edmund closely misses you.
Shoot: a) +1 shortbow
Press: ? - help, Q - select action Shift-Dir - straight line, f/p - Edmund
Aim: Edmund, wielding a +2 flail of holy wrath and wearing a +1 chain mail of cold resistance (moderately wounded, 73% to hit)
You shoot an arrow. The arrow hits Edmund.
Edmund is moderately wounded.
Edmund misses you.
Shoot: a) +1 shortbow
Press: ? - help, Q - select action Shift-Dir - straight line, f/p - Edmund
Aim: Edmund, wielding a +2 flail of holy wrath and wearing a +1 chain mail of cold resistance (moderately wounded, 73% to hit)
You shoot an arrow.
The arrow hits Edmund but does no damage.
Edmund is moderately wounded.
Edmund closely misses you.
Shoot: a) +1 shortbow
Press: ? - help, Q - select action Shift-Dir - straight line, f/p - Edmund
Aim: Edmund, wielding a +2 flail of holy wrath and wearing a +1 chain mail of cold resistance (moderately wounded, 73% to hit)
You shoot an arrow. The arrow hits Edmund.
Edmund is moderately wounded.
Edmund hits you with a +2 flail of holy wrath!
* * * LOW HITPOINT WARNING * * *
Shoot: a) +1 shortbow
Press: ? - help, Q - select action Shift-Dir - straight line, f/p - Edmund
Aim: Edmund, wielding a +2 flail of holy wrath and wearing a +1 chain mail of cold resistance (moderately wounded, 73% to hit)
You shoot an arrow. The arrow hits Edmund!
Edmund is heavily wounded.
Edmund hits you with a +2 flail of holy wrath.
You die...

###'#####
#....#
#.##.#
####.##
#...# #.⌠.#
#...# ##.##
#@..#
⌠...⌠w@.⌠.#
..#...#...#
##.###.##
#.. ... #.
.⌠.# # ...#
###


You could see Edmund and a worm.

Vanquished Creatures
  Grinder (D:4)
  Sigmund (D:4)
  A hound (D:4)
  An iguana (D:3)
  5 adders
  A worm (D:3)
  3 dart slugs
  8 ball pythons
  4 endoplasms
  9 goblins
  10 hobgoblins
  4 jackals (D:2)
  A quokka (D:2)
  6 bats
  3 frilled lizards
  5 kobolds
  4 rats
67 creatures vanquished.

Notes
Turn   | Place    | Note
-------+----------+-------------------------------------------
     0 | D:1      | HoaS the Tengu Hunter began the quest for the Orb.
     0 | D:1      | Reached XP level 1. HP: 12/12 MP: 2/2
   222 | D:1      | Reached XP level 2. HP: 17/17 MP: 3/3
   233 | D:1      | Reached skill level 5 in Bows
   785 | D:2      | Reached XP level 3. HP: 21/21 MP: 4/4
   931 | D:2      | Reached skill level 6 in Bows
   932 | D:2      | Reached XP level 4. HP: 10/26 MP: 5/5
  1961 | D:3      | Found a shimmering blue altar of Sif Muna.
  2016 | D:3      | Gained mutation: Your magical nature lets you fly swiftly
                  | and evasively. [Tengu growth]
  2016 | D:3      | Reached XP level 5. HP: 30/30 MP: 6/6
  2110 | D:3      | Found a faded altar of an unknown god.
  2527 | D:4      | Reached skill level 7 in Bows
  2729 | D:4      | Noticed Grinder
  2737 | D:4      | Killed Grinder
  2738 | D:4      | Reached skill level 8 in Bows
  2738 | D:4      | Reached XP level 6. HP: 35/35 MP: 7/7
  2747 | D:4      | Found an ancient bone altar of Kikubaaqudgha.
  2849 | D:4      | Noticed Sigmund
  2854 | D:4      | Noticed Edmund
  2859 | D:4      | Killed Sigmund
  2860 | D:4      | Reached skill level 9 in Bows
  2860 | D:4      | Reached XP level 7. HP: 27/40 MP: 8/8
  2871 | D:4      | Slain by Edmund

Illustrated notes

Levels and vault maps discovered:
D:1:      grunt_arrival_crossed_arrows, layout_basic, corexii_leaking_fountain,
          minmay_pentomino_r4
D:2:      layout_basic
D:3:      layout_loops_ring, nicolae_sif_muna_little_library,
          hellmonk_ecumenical_altar_run_dry
D:4:      layout_basic, mainiacjoe_overflow_alcove_2,
          minmay_temple_entry_nine_rooms, uniq_sigmund, uniq_edmund,
          uniq_grinder

Skill      XL: |  1  2  3  4  5  6 |
---------------+-------------------+-----
Bows           | 5 6 8 9 |  9.2
Fighting       | |  2.0
Dodging        | |  2.1
Stealth        | |  1.0

Action                   |  1- 3 |  4- 6 |  7- 9 || total
-------------------------+-------+-------+-------++-------
 Fire: Shortbow          |    67 |    86 |    10 ||   163
  Use: Scroll            |     4 |     5 |       ||     9
       Potion            |       |     2 |     2 ||     4
Armor: Leather armour    |     4 |     3 |       ||     7
Dodge: Dodged            |    12 |    12 |     6 ||    30

Table legend: (Time is in decaauts)
 A = Elapsed time spent in this place.
 B = Non-inter-level travel time spent in this place.
 C = Inter-level travel time spent in this place.
 D = Time resting spent in this place.
 E = Time spent auto-exploring this place.
 F = Levels seen in this place.
 G = Mean time per level.
                   A        B        C        D        E       F      G
               +--------+--------+--------+--------+--------+-----+--------+
         Total |   2828 |   2720 |    108 |    611 |   1785 |   4 |  707.0 |
       Dungeon |   2828 |   2720 |    108 |    611 |   1785 |   4 |  707.0 |
               +--------+--------+--------+--------+--------+-----+--------+

Top non-repeatable levels by time:
     D:2: 970 daAuts
     D:3: 789 daAuts
     D:1: 734 daAuts
     D:4: 332 daAuts
